AoeStats
← J.Dandy

Arena

507715467Analyzed
3v3 RM · 12d ago on Sep 19, 2026· 72m 52s· 6 players
Game mode
Random Map
Map size
Normal (6 player)
Population
200
Speed
Normal
Resources
Standard
Victory
Conquest
Starting age
Dark Age
Ending age
Imperial Age
RankedLock teamsTeams togetherTeam positionsShared explorationLock speedFull tech treeHidden civsTurbo modeCheats
Victory
Defeat
🇯🇵 Cumans · Japan
1228
+15
🇯🇵 Bulgarians · Japan
1216
+15
🇯🇵 Byzantines · Japan
1192
+16
🇨🇦 Franks · Canada
1229
-17
🇹🇷 Dravidians · Türkiye
1194
-15
🇹🇷 Lithuanians · Türkiye
1166
-14
ikaradayi976
11:04 Feudal Age
15:39 Castle Age
13:27 Loom
15:43 Castle Age
Coach_E
0:53 Loom
11:30 Feudal Age
16:23 Castle Age
17:33 Scale Barding Armor
17:28 Double-Bit Axe
18:36 Forging
19:24 Husbandry
25:43 Wheelbarrow
24:55 Town Watch
26:09 Iron Casting
29:06 Hand Cart
31:39 Imperial Age
29:26 Fortified Wall
30:38 Padded Archer Armor
33:28 Chemistry
32:52 Leather Archer Armor
35:09 Bow Saw
42:31 Fletching
43:51 Chain Barding Armor
45:13 Blast Furnace
44:54 Light Cavalry
54:00 Elite Skirmisher
57:21 Siege Engineers
59:58 Masonry
Frosty
10:50 Feudal Age
14:50 Castle Age
13:08 Double-Bit Axe
13:27 Horse Collar
16:59 Bow Saw
18:18 Gold Mining
24:07 Wheelbarrow
23:39 Town Watch
23:40 Loom
26:38 Scale Barding Armor
26:43 Forging
26:34 Heavy Plow
26:28 Stone Mining
28:26 Bloodlines
28:16 Husbandry
32:38 Imperial Age
31:21 Iron Casting
31:08 Hand Cart
31:03 Hill Forts
31:18 Scale Mail Armor
31:28 Pikeman
32:09 Squires
32:47 Iron Casting
33:09 Elite Leitis
34:37 Conscription
34:20 Tower Shields
34:10 Halberdier
34:37 Arson
35:10 Chain Mail Armor
36:17 Two-Man Saw
36:10 Chain Barding Armor
36:29 Stone Shaft Mining
37:34 Hoardings
38:57 Plate Barding Armor
38:13 Fletching
39:26 Crop Rotation
45:53 Masonry
57:38 Architecture
57:05 Murder Holes
58:11 Chemistry
J.Dandy
5:23 Loom
8:55 Feudal Age
9:53 Double-Bit Axe
17:48 Horse Collar
25:26 Castle Age
24:16 Scale Mail Armor
25:53 Forging
25:45 Pikeman
26:43 Chain Mail Armor
27:03 Iron Casting
26:48 Bow Saw
27:14 Squires
28:28 Wheelbarrow
27:43 Town Watch
28:59 Heavy Plow
34:02 Imperial Age
32:01 Bloodlines
32:21 Gold Mining
32:56 Steppe Husbandry
33:10 Light Cavalry
34:51 Scale Barding Armor
35:22 Iron Casting
34:38 Hussar
36:15 Chain Barding Armor
36:32 Conscription
37:47 Plate Barding Armor
39:45 Blast Furnace
39:16 Plate Mail Armor
38:10 Halberdier
39:25 Hand Cart
40:25 Fletching
40:36 Padded Archer Armor
40:31 Elite Steppe Lancer
41:51 Arson
42:24 Bodkin Arrow
42:45 Leather Archer Armor
42:27 Capped Ram
44:04 Ring Archer Armor
43:21 Siege Ram
51:23 Onager
52:10 Stone Mining
52:58 Parthian Tactics
51:53 Heavy Cavalry Archer
53:29 Thumb Ring
56:27 Chemistry
55:48 Ballistics
56:10 Caravan
60:29 Two-Man Saw
59:41 Murder Holes
62:48 Town Patrol
townwaki
8:15 Loom
10:42 Feudal Age
14:32 Scale Mail Armor
15:05 Forging
16:26 Double-Bit Axe
22:48 Castle Age
21:43 Horse Collar
24:04 Bow Saw
23:30 Pikeman
27:52 Wheelbarrow
29:57 Heavy Plow
30:43 Gold Mining
30:44 Stone Mining
30:52 Stone Mining
32:26 Gold Shaft Mining
32:27 Stone Shaft Mining
33:47 Iron Casting
33:28 Chain Mail Armor
33:18 Scale Barding Armor
33:33 Hand Cart
36:11 Imperial Age
33:53 Fletching
34:03 Padded Archer Armor
33:56 Gambesons
34:11 Squires
33:57 Arson
35:12 Chain Barding Armor
35:30 Town Watch
35:49 Bodkin Arrow
36:10 Leather Archer Armor
37:53 Plate Mail Armor
38:24 Blast Furnace
38:00 Plate Barding Armor
38:29 Chemistry
37:36 Siege Engineers
37:40 Bracer
37:22 Halberdier
39:00 Bloodlines
38:51 Husbandry
38:13 Cavalier
38:53 Stirrups
39:18 Conscription
40:59 Bagains
44:53 Masonry
44:39 Murder Holes
45:46 Capped Ram
47:06 Siege Ram
56:08 Light Cavalry
57:16 Hussar
yake0213
10:53 Feudal Age
15:46 Castle Age
13:46 Horse Collar
15:29 Double-Bit Axe
16:39 Heavy Plow
20:23 Bow Saw
21:52 Wheelbarrow
21:47 Stone Mining
21:51 Gold Mining
27:49 Imperial Age
27:08 Gold Shaft Mining
27:22 Ballistics
26:57 Fletching
27:07 Padded Archer Armor
27:22 Forging
27:12 Scale Mail Armor
28:00 Stone Shaft Mining
27:13 Pikeman
27:53 Squires
29:45 Iron Casting
29:26 Chain Mail Armor
30:20 Two-Man Saw
30:26 Conscription
31:36 Halberdier
33:02 Plate Mail Armor
32:24 Fletching
33:40 Chemistry
34:07 Hand Cart
34:27 Crop Rotation
33:43 Treadmill Crane
34:01 Bodkin Arrow
36:12 Onager
37:18 Elite Skirmisher
38:04 Padded Archer Armor
39:40 Bracer
39:55 Leather Archer Armor
39:38 Murder Holes
43:21 Ring Archer Armor
42:57 Scale Barding Armor
43:05 Fortified Wall
43:19 Logistica
42:30 Elite Cataphract
44:22 Heavy Camel Rider
45:22 Husbandry
46:40 Chain Barding Armor
58:58 Hoardings
64:43 Caravan
64:54 Guilds
65:07 Loom
65:13 Arson
67:12 Light Cavalry
Connection lost

Rejoining the realm…

Still unreachable

The connection could not be restored.

Session expired

The server has moved on; the page needs a fresh start.